 Dungeon Crawl Stone Soup version 0.24-a0-277-g67e6301 (webtiles) character file.

Game seed: 9982135928350171652

35 EazyBreezy the Skirmisher (level 3, -4/29 HPs)
             Began as a Demonspawn Abyssal Knight on Apr 28, 2019.
             Was a Follower of Lugonu.
             Slain by Sigmund
             ... wielding a +0 scythe
              (11 damage)
             ... on level 2 of the Dungeon.
             The game lasted 00:04:15 (2097 turns).

EazyBreezy the Skirmisher (DsAK)                    Turns: 2097, Time: 00:04:15

Health: -4/29      AC:  3    Str: 12    XL:     3   Next: 16%
Magic:  5/5        EV: 14    Int: 13    God:    Lugonu [*.....]
Gold:   111        SH:  8    Dex: 13    Spells: 2/2 levels left

rFire    . . .     SeeInvis .   a - +1 falchion
rCold    . . .     Gourm    .   d - +1 buckler
rNeg     . . .     Faith    .   b - +0 leather armour
rPois    .         Spirit   .   (no helmet)
rElec    .         Reflect  .   (no cloak)
rCorr    .         Harm     .   (no gloves)
MR       .....                  (no boots)
Stlth    +.........             (no amulet)
HPRegen  0.09/turn              f - +3 ring of evasion (curse)
MPRegen  0.09/turn              (no ring)

@: no status effects
A: claws 1, large bone plates 1
a: Depart the Abyss, Renounce Religion


You were on level 2 of the Dungeon.
You worshipped Lugonu.
Lugonu was aware of your devotion.
You were not hungry.

You visited 1 branch of the dungeon, and saw 2 of its levels.
You visited the Abyss 1 time.

You collected 111 gold pieces.

Inventory:

Hand Weapons
 a - a +1 falchion (weapon)
Missiles
 g - 70 stones (quivered)
Armour
 b - a +0 leather armour (worn)
 d - a +1 buckler (worn)
Jewellery
 f - a cursed +3 ring of evasion (left claw)
Wands
 m - a wand of random effects (17)
Scrolls
 h - a scroll of blinking {unknown}
 k - a scroll of enchant weapon {unknown}
 l - a scroll of noise {unknown}
 o - a scroll of identify {unknown}
Potions
 e - a potion of ambrosia {unknown}
 i - 4 potions of lignification {unknown}
 j - 2 potions of curing {unknown}
 n - 2 potions of haste {unknown}
Comestibles
 c - 3 rations


   Skills:
 + Level 3.3 Fighting
 * Level 2.1 Long Blades
 * Level 2.0 Armour
 * Level 1.3 Dodging
 * Level 0.6 Shields
 + Level 2.7 Invocations


You had 2 spell levels left.
You didn't know any spells.
Your spell library was empty.

Dungeon Overview and Level Annotations

Branches:
Dungeon (2/15)

Altars:
Vehumet

Annotations:
D:2 Sigmund


Innate Abilities, Weirdness & Mutations

You have sharp fingernails.
You are partially covered in large bone plates. (SH +4)


Message History

Sigmund hits you with a +0 scythe.
You closely miss Sigmund.
Sigmund is severely wounded.
Sigmund hits you with a +0 scythe!
You closely miss Sigmund.
Sigmund is severely wounded.
Sigmund misses you.
You hit Sigmund.
Sigmund is severely wounded.
Sigmund mumbles some strange words.
Sigmund flickers and vanishes!
Deactivating autopickup; reactivate with Ctrl-A.
You miss something. Something hits you.
Aiming: Random Effects
Press: ? - help, Shift-Dir - straight line The fireball explodes!
The fireball engulfs something.
The fireball engulfs you.
* * * LOW HITPOINT WARNING * * *
Something hits you!
You die...

.......# ##.## .#.....# #(#
.#..#..# #.# .......# ##'##
####.### ##...## #.##
##.....## ####..###
##.......##
........###.........####...
..........'.....@.{.'......
.###....###.........####...
.###..#.# ##.........#
.#...##.# #..#...#..#
.#.####.# #.###.###.#
........# #..#...#..#
##.###### ##...._....# #.#
#...#...#..#######.#
##.####
#..###.###....†....#


There were no monsters in sight!

Vanquished Creatures
  A worm (D:2)
  A leopard gecko (D:2)
  3 giant cockroaches (D:2)
  2 hobgoblins (D:2)
  3 jackals (D:1)
  4 kobolds
  A quokka (D:2)
  3 bats
  3 frilled lizards
  4 goblins
  3 rats
28 creatures vanquished.

Notes
Turn   | Place    | Note
-------+----------+-------------------------------------------
     0 | Abyss:1  | EazyBreezy the Demonspawn Abyssal Knight began the quest
                  | for the Orb.
     0 | Abyss:1  | Reached XP level 1. HP: 18/18 MP: 2/2
    89 | D:1      | Escaped the Abyss
   191 | D:1      | Reached * piety under Lugonu
   463 | D:1      | Reached skill level 1 in Dodging
   482 | D:1      | Gained mutation: You have sharp fingernails. [demonic
                  | ancestry]
   482 | D:1      | Reached XP level 2. HP: 19/24 MP: 4/4
  1566 | D:2      | Gained mutation: You are partially covered in large bone
                  | plates. (SH +4) [demonic ancestry]
  1566 | D:2      | Reached XP level 3. HP: 23/29 MP: 5/5
  1986 | D:2      | Found a radiant altar of Vehumet.
  2072 | D:2      | Noticed Sigmund
  2097 | D:2      | Slain by Sigmund

Levels and vault maps discovered:
D:1:      roderic_dead_forest, layout_basic
D:2:      kb_forest_paths, layout_loops_corners, vehumet_crystals, uniq_sigmund

Skill      XL: |  1  2 |
---------------+-------+-----
Dodging        | 1 |  1.3
Long Blades    | 2 |  2.1
Armour         | 2 |  2.0
Fighting       | |  3.3
Shields        | |  0.6
Invocations    | |  2.7

Action                   || total
-------------------------++-------
Melee: Falchion          ||    90
Invok: Depart the Abyss  ||     1
Evoke: Wand              ||     1
  Use: Scroll            ||     3
  Eat: Ration            ||     1
Armor: Leather armour    ||    13
Dodge: Dodged            ||    57
Block: Buckler           ||    19
       Rpst.: Falchion   ||    19

Table legend:
 A = Non-vault XP
 B = Vault XP
 C = Vault XP percentage of total XP
 D = Non-vault monster count
 E = Vault monster count
 F = Vault count percentage of total count
                 A         B        C        D         E       F
            +---------+---------+-------+---------+---------+-------
      Total |      37 |      13 |  26.0 |      22 |       6 |  21.4
            +---------+---------+-------+---------+---------+-------
        D:1 |      18 |       0 |   0.0 |      12 |       0 |   0.0
        D:2 |      19 |      13 |  40.6 |      10 |       6 |  37.5
            +---------+---------+-------+---------+---------+-------
